 Dungeon Crawl Stone Soup version 0.25.1-2-g60ff931df9 (webtiles) character file.

Game seed: 8170647813030287173

20560 DogServant the Fighter (level 12, -14/107 HPs)
             Began as a Grey Draconian Transmuter on Nov 12, 2020.
             Was a High Priest of Makhleb.
             Killed from afar by a wretched star (35 damage)
             ... with a lance of force
             ... on level 2 of the Abyss.
             The game lasted 00:27:16 (14272 turns).

DogServant the Fighter (Grey Draconian Transmuter) Turns: 14272, Time: 00:27:17

Health: -14/107    AC: 16    Str: 21    XL:     12   Next: 46%
Magic:  10/14      EV: 16    Int: 13    God:    Makhleb [*****.]
Gold:   626        SH:  0    Dex:  9    Spells: 8/19 levels left

rFire    + . .     SeeInvis .     - Unarmed
rCold    + . .     Gourm    .   (shield currently unavailable)
rNeg     + . .     Faith    .   (armour unavailable)
rPois    .         Spirit   .   (helmet restricted)
rElec    .         Reflect  .   s - scarf {rC+ rF+}
rCorr    .         Harm     .   (gloves currently unavailable)
MR       .....                  B - +2 pair of boots
Stlth    +.........             M - amulet of regeneration
HPRegen  0.67/turn              D - ring of positive energy
MPRegen  0.14/turn              l - +6 ring of strength

@: blade hands (expiring), vulnerable, very slightly contaminated
A: walk through water, unfitting armour, hooves 1, [clumsy 2], [deterioration
2], dopey 1, [low mp 2], unbreathing, cold-blooded, [subdued magic 2], AC +13
a: End Transformation, Minor Destruction, Lesser Servant of Makhleb, Major
Destruction, Greater Servant of Makhleb, Renounce Religion


You were on level 2 of the Abyss.
You worshipped Makhleb.
Makhleb was extremely pleased with you.
You were not hungry.
You had blades for hands.
You visited 2 branches of the dungeon, and saw 14 of its levels.
You visited the Abyss 2 times.

You collected 626 gold pieces.

Inventory:

Missiles
 a - 127 arrows
 j - 7 curare-tipped darts
 t - a throwing net (quivered)
Armour
 s - a scarf of resistance (worn)
 B - a +2 pair of boots (worn)
Jewellery
 e - an uncursed ring of see invisible {unknown}
 l - a +6 ring of strength (right scythe-like blade)
 m - an uncursed ring of protection from magic
 D - a ring of positive energy (left scythe-like blade)
 M - an amulet of regeneration (around neck)
Wands
 d - a wand of flame (12)
 C - a wand of acid (12)
Scrolls
 b - 8 scrolls of teleportation
 f - a scroll of fear {unknown}
 k - a scroll of vulnerability
 o - a scroll of blinking {unknown}
 q - 3 scrolls of remove curse
 u - 2 scrolls of amnesia {unknown}
 v - 2 scrolls of random uselessness {unknown}
 y - a scroll of noise {unknown}
 I - a scroll of torment {unknown}
 K - 2 scrolls of enchant weapon
 L - a scroll of immolation {unknown}
Potions
 g - 4 potions of flight
 h - 2 potions of haste
 i - 4 potions of heal wounds
 n - a potion of magic
 p - 3 potions of curing
 A - a potion of might
 E - a potion of ambrosia {unknown}
 F - 2 potions of lignification {unknown}
Comestibles
 c - 19 rations


   Skills:
 + Level 10.5 Fighting
 + Level 10.1 Dodging
 - Level 10.1 Unarmed Combat
 - Level 4.0 Spellcasting
 - Level 10.0 Transmutations
 - Level 6.3 Invocations


You had 8 spell levels left.
You knew the following spells:

 Your Spells              Type           Power        Failure   Level  Hunger
a - Beastly Appendage     Tmut           ###...       7%          1    None
b - Sticks to Snakes      Tmut           ###.....     8%          2    ##.....
c - Spider Form           Tmut/Pois      #.........   32%         3    ###....
d - Blade Hands           Tmut           ###.......   36%         5    ######.

Your spell library contained the following spells:

 Spells                   Type           Power        Failure   Level  Hunger
 Infusion                 Chrm           #...         54%         1    None
 Ice Form                 Ice/Tmut       #.......     61%         4    ####...
 Petrify                  Tmut/Erth      #.......     61%         4    ####...
 Confusing Touch          Hex            #.......     83%         3    ###....
 Gell's Gravitas          Tloc           #.........   83%         3    ###....
 Yara's Violent Unravell  Hex/Tmut       #.........   87%         5    ######.
 Leda's Liquefaction      Hex/Erth       #.........   99%         4    ####...
 Bolt of Magma            Conj/Fire/Erth #.........   100%        5    ######.
 Metabolic Englaciation   Hex/Ice        #.........   100%        5    ######.
 Iron Shot                Conj/Erth      #.........   100%        6    #######
 Statue Form              Tmut/Erth      #........    100%        6    #######
 Shatter                  Erth           #.........   100%        9    #######


Dungeon Overview and Level Annotations

Branches:
Dungeon (12/15)            Temple (0/1) D:6            Lair (2/6) D:10
  Snake (0/4) Lair:2          Orc (0/2) D:10
  Swamp: Lair:2-4    Shoals: Lair:2-4

Altars:
Makhleb
Ru
Sif Muna
Wu Jian
Zin

Shops:
D:7 =   D:9 *

Annotations:
D:12 Fannar, Kirke
Lair:1 Sonja


Innate Abilities, Weirdness & Mutations

You can walk through water.
Your dull iron-grey scales are very hard. (AC +13)
You cannot fit into any form of body armour.
You can survive without breathing.
You are cold-blooded and may be slowed by cold attacks.
You have large cloven feet.
You are dopey. (Int -2)
[You are very clumsy. (Dex -4)]
[Your body often deteriorates upon taking damage.]
[Your magical capacity is very low. (-20% MP)]
[Your spells are easier to cast, but less powerful.]


Message History

The lance of force hits you!!
You are knocked back by the lance of force.
You slam into the rock wall!
Your transformation is almost over.
A small abomination comes into view.
The wretched star glows turbulently.
The lance of force hits you!!
* * * LOW HITPOINT WARNING * * *
You are knocked back by the lance of force.
You slam into the rock wall!
* * * LOW HITPOINT WARNING * * *
Okay, then.
Welcome back, DogServant the Grey Draconian Transmuter.
Blood and souls for Makhleb!
Press ? for a list of commands and other information.
As you read the scroll labeled KOJAME DAYGA, it crumbles to dust.
Magic quickly surges around you.
It was a scroll of vulnerability.
The wretched star glows turbulently.
The lance of force hits you!!
You die...

# . # # ##
#.## # . #
##.##.## #
#..#....
...###.# ##
...) ....
.##.### #.#
.##.).. .
......#.#.#
#...#.##
..###.##..#
#. ####
####
#.@.##. #.#
#....#.# .
##....# #
#*X...#
....?..#
.$.###...#
.#.## #...#
.... #..#
}. #. .


You could see a wretched star and a large abomination (vulnerable).

Vanquished Creatures
  A tentacled starspawn (Abyss:2)
  A hydra (Lair:1)
  2 two-headed ogres
  5 elephants (Lair:2)
  2 black mambas (Lair:2)
  Maggie (D:6)
  A spiny frog (Lair:2)
  A kobold demonologist (D:11)
  Psyche (D:11)
  A komodo dragon (Lair:2)
  A troll (D:11)
  A hippogriff (D:9)
  Eustachio (D:6)
  2 basilisks
  5 hogs
  21 yaks
  A wyvern (D:11)
  A human (D:8)
  Menkaure (D:7)
  6 water moccasins
  2 porcupines
  3 orc warriors
  A sky beast (D:6)
  4 ice beasts
  8 necrophages (D:10)
  A phantom (D:9)
  3 wolves
  3 ogres
  2 centaurs
  6 crocodiles
  3 big kobolds
  A wyvern zombie (D:7)
  12 bullfrogs
  3 scorpions
  16 wights
  6 killer bees (D:10)
  3 electric eels (D:10)
  5 crimson imps
  5 centaur zombies
  3 jellies
  A bullfrog zombie (D:10)
  8 orc priests
  A centaur skeleton (D:8)
  7 hounds
  12 orc wizards
  Natasha (thrice) (D:3)
  3 iguanas
  10 worker ants
  3 killer bee zombies
  A hound zombie (D:10)
  A hound skeleton (D:7)
  A howler monkey zombie (D:10)
  A worker ant zombie (D:6)
  13 adders
  3 shadow imps
  2 oozes (D:1)
  An adder skeleton (D:8)
  A worm (D:3)
  2 dart slugs (D:1)
  9 leopard geckos
  45 orcs
  6 ball pythons
  6 giant cockroaches
  5 goblins
  13 hobgoblins
  19 jackals
  3 quokkas
  10 bats
  4 frilled lizards
  14 kobolds
  A quokka skeleton (D:4)
  A quokka zombie (D:5)
  10 rats
  A plant (Lair:2)
367 creatures vanquished.

Vanquished Creatures (collateral kills)
  2 orc wizards (D:3)
  An adder (Lair:2)
  An orc (D:3)
4 creatures vanquished.

Vanquished Creatures (others)
  A fungus (Lair:1)
1 creature vanquished.

Grand Total: 372 creatures vanquished

Notes
Turn   | Place    | Note
-------+----------+-------------------------------------------
     0 | D:1      | DogServant the Draconian Transmuter began the quest for the
                  | Orb.
     0 | D:1      | Reached XP level 1. HP: 16/16 MP: 3/3
   196 | D:1      | Reached XP level 2. HP: 21/23 MP: 3/5
   618 | D:1      | Reached XP level 3. HP: 24/28 MP: 6/6
  1426 | D:2      | Found a glowing silver altar of Zin.
  1637 | D:2      | Reached XP level 4. HP: 27/35 MP: 4/7
  2575 | D:3      | Learned a level 2 spell: Sticks to Snakes
  2579 | D:3      | Learned a level 3 spell: Spider Form
  2588 | D:3      | Reached XP level 5. HP: 40/40 MP: 8/8
  3039 | D:3      | Reached skill level 5 in Unarmed Combat
  3049 | D:3      | Noticed Natasha
  3059 | D:3      | Killed Natasha
  3089 | D:3      | Noticed Natasha
  3398 | D:3      | Reached XP level 6. HP: 20/47 MP: 9/9
  3602 | D:3      | Killed Natasha
  3636 | D:3      | Noticed Natasha
  3643 | D:3      | Killed Natasha
  4158 | D:4      | Reached skill level 5 in Transmutations
  4689 | D:5      | Entered Level 5 of the Dungeon
  4943 | D:5      | Your scales start taking on a dull iron-grey colour.
  4943 | D:5      | Reached XP level 7. HP: 20/52 MP: 7/10
  4943 | D:5      | Gained mutation: You can survive without breathing. [Grey
                  | Draconian growth]
  5375 | D:5      | Got a jewelled falchion
  5376 | D:5      | Identified the +2 falchion of Welfare {vorpal, +Inv rN+
                  | Int-5 Dex+4} (You found it on level 5 of the Dungeon)
  5649 | D:5      | Found a burning altar of Makhleb.
  5657 | D:5      | Became a worshipper of Makhleb the Destroyer
  6108 | D:6      | Reached XP level 8. HP: 42/63 MP: 8/11
  7010 | D:6      | Learned a level 5 spell: Blade Hands
  7068 | D:6      | Found a staircase to the Ecumenical Temple.
  7211 | D:6      | Reached skill level 5 in Fighting
  7254 | D:6      | Noticed Eustachio
  7268 | D:6      | Killed Eustachio
  7268 | D:6      | Reached * piety under Makhleb
  7387 | D:6      | Noticed Maggie
  7396 | D:6      | Killed Maggie
  7396 | D:6      | Reached XP level 9. HP: 41/79 MP: 6/12
  7776 | D:7      | Found Teekk's Jewellery Shop.
  7913 | D:7      | Noticed Menkaure
  7916 | D:7      | Killed Menkaure
  8147 | D:7      | Found a glowing silver altar of Zin.
  8753 | D:8      | Found a shimmering blue altar of Sif Muna.
  8783 | D:8      | Identified Sif Muna's Disquisition on Boosts
  8872 | D:8      | Found an ornate altar of the Wu Jian Council.
  9091 | D:8      | Reached ** piety under Makhleb
  9288 | D:8      | Reached skill level 10 in Fighting
  9649 | D:9      | Found Gesewke's Lightly-Used Armoury.
  9793 | D:9      | Reached XP level 10. HP: 80/93 MP: 13/13
  9842 | D:9      | Found a sacrificial altar of Ru.
 10087 | D:9      | Noticed a two-headed ogre
 10100 | D:9      | Killed a two-headed ogre
 10100 | D:9      | Reached skill level 5 in Dodging
 10658 | D:10     | Entered Level 10 of the Dungeon
 10877 | D:10     | Gained mutation: [Your body sometimes deteriorates upon
                  | taking damage.] [mutagenic glow]
 10958 | D:10     | Reached *** piety under Makhleb
 11049 | D:10     | Found a staircase to the Lair.
 11119 | D:10     | Found a staircase to the Orcish Mines.
 11266 | D:10     | Reached XP level 11. HP: 99/99 MP: 8/14
 11334 | D:10     | Reached skill level 10 in Transmutations
 11431 | D:10     | Noticed a two-headed ogre
 11452 | D:10     | Killed a two-headed ogre
 12000 | D:11     | Reached skill level 1 in Invocations
 12391 | D:11     | Reached **** piety under Makhleb
 12426 | D:11     | Noticed Psyche
 12431 | D:11     | Killed Psyche
 12484 | D:12     | Noticed Kirke
 12665 | D:12     | Noticed Fannar
 12724 | Lair:1   | Entered Level 1 of the Lair of Beasts
 12729 | Lair:1   | Noticed an eight-headed hydra
 12736 | Lair:1   | You fall into a shaft and drop 1 floor!
 12840 | Lair:2   | Reached skill level 5 in Invocations
 12858 | Lair:2   | Found a staircase to the Snake Pit.
 12995 | Lair:2   | Lost mutation: [Your body sometimes deteriorates upon
                  | taking damage.] [potion of mutation]
 12995 | Lair:2   | Gained mutation: You occasionally shout uncontrollably at
                  | your foes. [potion of mutation]
 12995 | Lair:2   | Gained mutation: You expend magic power (3 MP) to
                  | strengthen your wands. [potion of mutation]
 12996 | Lair:2   | Lost mutation: You occasionally shout uncontrollably at
                  | your foes. [potion of mutation]
 12996 | Lair:2   | Lost mutation: You expend magic power (3 MP) to strengthen
                  | your wands. [potion of mutation]
 12996 | Lair:2   | Gained mutation: You are dopey. (Int -2) [potion of
                  | mutation]
 12996 | Lair:2   | Gained mutation: You have large cloven feet. [potion of
                  | mutation]
 13151 | Lair:2   | Reached ***** piety under Makhleb
 13153 | Lair:2   | Reached XP level 12. HP: 106/106 MP: 11/16
 13525 | Lair:2   | Noticed a death yak
 13590 | Lair:1   | Reached skill level 10 in Unarmed Combat
 13712 | Lair:1   | Noticed Sonja
 13727 | Lair:1   | Killed a 12-headed hydra
 13736 | Lair:1   | Cast into level 2 of the Abyss (Sonja)
 13822 | Abyss:2  | Noticed a tentacled starspawn
 13835 | Abyss:2  | Killed a tentacled starspawn
 13835 | Abyss:2  | Reached skill level 10 in Dodging
 13948 | Lair:1   | Escaped the Abyss
 14157 | Lair:1   | Cast into level 2 of the Abyss (Sonja)
 14272 | Abyss:2  | Killed from afar by a wretched star

Illustrated notes

Levels and vault maps discovered:
D:1:      kennysheep_arrival_forest, layout_rooms
D:2:      layout_rooms, nicolae_overflow_crystal_walls
D:3:      minmay_razor_zed, layout_basic, uniq_natasha
D:4:      layout_basic, kennysheep_generic_room_4
D:5:      layout_rooms, first_ration, makhleb_blood_cavern_becter
D:6:      layout_cave_pods, minmay_temple_entry_glassed_door, corner_web_ring,
          uniq_eustachio, uniq_maggie
D:7:      layout_basic, basic_altar, serial_shops, shop, uniq_menkaure
D:8:      layout_rooms, basic_altar, grunt_livestock, led_sif_book
D:9:      layout_roguey, minmay_shop_damaged, hangedman_ru_absence
D:10:     layout_roguey, erik_lair_island, orc_0_dummy, serial_undead,
          serial_undead_a, serial_undead_e, serial_undead_c, serial_undead_d,
          serial_undead_f, serial_undead_a, serial_undead_e, serial_undead_d
D:11:     layout_roguey, uniq_psyche
D:12:     layout_long_grid, gammafunk_ghost_abyssal_escape, uniq_kirke,
          uniq_jorgrun, uniq_fannar
Lair:1:   layout_loops_ring, guppyfry_lair_drakes, minmay_lair_oklob_chamber,
          serial_bayou_shore_b, infiniplex_staircase_pool, grunt_megastairs_5,
          uniq_sonja
Lair:2:   layout_chaotic_city, minmay_snake_entry_six_corridors
Abyss:2:  base: D:3, base: D:15, hangedman_shadowy_showcase, base:
D:15

Skill      XL: |  1  2  3  4  5  6  7  8  9 10 11 12 |
---------------+-------------------------------------+-----
Transmutations | 3 4 5 6 8 9 10 | 10.0
Unarmed Combat | 4 5 6 7 9 10 | 10.1
Dodging        | 2 3 8 9 10 | 10.1
Fighting       | 3 7 10 | 10.5
Invocations    | 6 |  6.3
Spellcasting   | 3 4 |  4.0

Action                   |  1- 3 |  4- 6 |  7- 9 | 10-12 || total
-------------------------+-------+-------+-------+-------++-------
Melee: Unarmed           |   127 |   171 |   307 |   434 ||  1039
       Tailslap          |    17 |    22 |    40 |    64 ||   143
       Headbutt          |     9 |    10 |    26 |     2 ||    47
       Kick              |     8 |    11 |     2 |       ||    21
       Punch             |     1 |       |    12 |    16 ||    29
Throw: Dart              |       |    14 |    10 |     2 ||    26
       Throwing net      |       |       |       |     1 ||     1
 Cast: Beastly Appendage |    16 |    25 |    19 |     2 ||    62
       Sticks to Snakes  |       |     4 |       |     1 ||     5
       Spider Form       |       |     3 |     8 |       ||    11
       Blade Hands       |       |       |    10 |    51 ||    61
Invok: Major Destruction |       |       |       |     3 ||     3
Evoke: Wand              |       |       |       |     6 ||     6
  Use: Scroll            |       |     1 |     8 |     4 ||    13
       Potion            |       |     1 |       |     9 ||    10
 Stab: Sleeping          |       |     1 |     1 |     2 ||     4
  Eat: Chunk             |     3 |    11 |    15 |    18 ||    47
       Ration            |       |       |     2 |     6 ||     8
Armor: Skin              |    40 |    53 |    82 |   216 ||   391
Dodge: Dodged            |    97 |   151 |   191 |   477 ||   916
